 Dungeon Crawl Stone Soup version 0.28.0-45-g0d030f2227 (webtiles) character file.

Game seed: 5409740022013247201

308 Icepheonix32 the Skirmisher (level 6, -1/72 HPs)
             Began as a Demonspawn Fighter on Apr 12, 2022.
             Slain by Pikel
             ... wielding a +0 whip of electrocution
              (6 damage)
             ... on level 4 of the Dungeon.
             The game lasted 00:03:46 (2452 turns).

Icepheonix32 the Skirmisher (Demonspawn Fighter)    Turns: 2452, Time: 00:03:47

Health: -1/72      AC: 23    Str: 16 (18) XL:     6   Next: 16%
Magic:  8/8        EV:  2    Int: 10 (11) God:
Gold:   195        SH:  5    Dex: 13      Spells: 3/7 levels left

rFire   . . .      SeeInvis .   g - +2 dagger (venom)
rCold   . . .      Faith    .   c - +0 buckler
rNeg    . . .      Spirit   .   (armour currently unavailable)
rPois   +          Reflect  .   (helmet currently unavailable)
rElec   .          Harm     .   (cloak currently unavailable)
rCorr   .          Rampage  .   (gloves currently unavailable)
Will    .....      NoTele   +   (boots currently unavailable)
Stlth   ++........              (no amulet)
HPRegen 0.22/turn               (no ring)
MPRegen 0.11/turn               (no ring)

@: mighty, tree-form
A: stationary, stasis, torment immunity, boosted hp, (horns 2), powered by pain
1, (spiny 1), big brain 1, mutation resistance 1
a: no special abilities


You were on level 4 of the Dungeon.
You were a tree.
You visited 1 branch of the dungeon, and saw 4 of its levels.

You collected 195 gold pieces.

Inventory:

Hand Weapons
 a - a +0 long sword
 g - a +2 dagger of venom (weapon)
Armour
 b - a +0 scale mail
 c - a +0 buckler (worn)
 d - a +0 chain mail
 h - a +0 plate armour
 k - a +0 troll leather armour (melded)
 r - a +0 pair of gloves (melded)
Scrolls
 f - a scroll of holy word {unknown}
 i - a scroll of brand weapon {unknown}
 j - a scroll of teleportation {unknown}
 l - a scroll of fear {unknown}
 o - a scroll of magic mapping {unknown}
Potions
 e - a potion of flight


   Skills:
 + Level 4.0 Fighting
 + Level 1.8(2.3) Short Blades
 - Level 2.0(2.3) Long Blades
 * Level 3.8 Armour
 + Level 1.2 Dodging
 + Level 1.4 Stealth
 + Level 3.4 Shields
 * Level 1.3 Spellcasting
 * Level 0.1 Summonings
 * Level 0.2 Earth Magic


You had 3 spell levels left.
You knew the following spells:

 Your Spells              Type           Power      Damage    Failure   Level
a - Animate Armour        Summ/Erth      2%         N/A       99%         4

Your spell library contained the following spells:

 Spells                   Type           Power      Damage    Failure   Level
 Slow                     Hex            0%         N/A       41%         1
 Stone Arrow              Conj/Erth      0%         3d7       77%         3
 Confusing Touch          Hex            0%         N/A       78%         3
 Gell's Gravitas          Tloc           0%         N/A       78%         3
 Teleport Other           Tloc           0%         N/A       78%         3
 Vampiric Draining        Necr           0%         2d6       78%         3
 Dispersal                Tloc           0%         N/A       100%        6
 Lehudib's Crystal Spear  Conj/Erth      0%         10d2      100%        8


Dungeon Overview and Level Annotations

Branches:
Dungeon (4/15)
 Temple: D:4-7

Altars:
Hepliaklqana
Zin

Annotations:
D:4 Pikel


Innate Abilities, Weirdness & Mutations

You are a tree.
Your roots penetrate the ground, keeping you stationary.
You cannot be teleported.
You are immune to unholy pain and torment.
Your maximum health is greatly increased.
Your equipment is partially melded.
((You have a pair of horns on your head.))
You sometimes gain a little power by taking damage.
((You are partially covered in sharp spines.))
You have an unusually large brain. (Int +2)
You are somewhat resistant to further mutation.


Message History

The lemure is lightly wounded.
The lemure hits you.
You closely miss the lemure.
The lemure is lightly wounded.
The lemure is struck by your spines. The lemure hits you. The quokka bites you.
You hit the lemure but do no damage.
The lemure is poisoned.
You headbutt the lemure, but do no damage.
The lemure is moderately wounded.
You block the lemure's attack.
The quokka bites you but does no damage.
Pikel is struck by your spines.
Pikel hits you with a +0 whip of electrocution!
You are electrocuted!
The quokka is struck by your spines.
You kill the quokka!
It was a potion of lignification.
You turn into a tree.
Your +0 pair of gloves melds into your body.
Your +0 troll leather armour melds into your body.
Your roots penetrate the ground.
The lemure shouts!
You hit Pikel.
Pikel is lightly wounded.
You closely miss Pikel.
Pikel is lightly wounded.
Pikel hits you but does no damage.
You are electrocuted!!
You focus on the pain.
You feel very mighty all of a sudden.
You are too injured to fight recklessly!
You are too injured to fight recklessly!
You are too injured to fight recklessly!
Unknown command.
You hit Pikel.
Pikel is moderately wounded.
Pikel hits you with a +0 whip of electrocution.
You are electrocuted!!
* * * LOW HITPOINT WARNING * * *
You hit Pikel.
Pikel is moderately wounded.
Pikel hits you with a +0 whip of electrocution.
You die...

#..$.......#.. #
###............. ..
............... ..
###............... #.
.................. ###..
#...............
#.....###...)†..........
#..♣#...5...........
###.K..#.5...###....
####5...$#.##.....
###...#.#.##.....
#..........#.....
#.##.....5.......
#..#....>.......<.
#.###.##..............
..................#...


You could see Pikel and a lemure.

Vanquished Creatures
  An ogre (D:3)
  2 lemures (D:3)
  A hound (D:4)
  An iguana (D:4)
  Jessica (D:3)
  4 gnolls
  2 adders
  A dart slug (D:1)
  2 orcs
  5 ball pythons
  5 bats
  8 endoplasms
  6 giant cockroaches
  9 goblins
  4 hobgoblins
  4 jackals
  4 quokkas
  4 frilled lizards
  8 kobolds
  7 rats
79 creatures vanquished.

Vanquished Creatures (others)
  A fungus (D:1)
1 creature vanquished.

Grand Total: 80 creatures vanquished

Notes
Turn   | Place    | Note
-------+----------+-------------------------------------------
     0 | D:1      | Icepheonix32 the Demonspawn Fighter began the quest for the
                  | Orb.
     0 | D:1      | Reached XP level 1. HP: 18/18 MP: 1/1
   209 | D:1      | Gained mutation: You have a pair of small horns on your
                  | head. [demonic ancestry]
   209 | D:1      | Reached XP level 2. HP: 24/24 MP: 2/2
   497 | D:1      | Gained mutation: You are partially covered in sharp spines.
                  | [demonic ancestry]
   497 | D:1      | Reached XP level 3. HP: 26/29 MP: 3/3
   702 | D:1      | Found a faded altar of an unknown god.
  1100 | D:2      | Gained mutation: You have an unusually large brain. (Int
                  | +2) [demonic ancestry]
  1100 | D:2      | Reached XP level 4. HP: 34/36 MP: 4/4
  1676 | D:3      | Reached skill level 1 in Short Blades
  1772 | D:3      | Noticed Jessica
  1778 | D:3      | Killed Jessica
  1779 | D:3      | Gained mutation: You have a pair of horns on your head.
                  | [demonic ancestry]
  1779 | D:3      | Reached XP level 5. HP: 42/42 MP: 5/5
  1822 | D:3      | Found a hazy altar of Hepliaklqana.
  2113 | D:4      | Noticed a lemure
  2113 | D:4      | Noticed an ogre
  2125 | D:3      | Reached skill level 1 in Stealth
  2125 | D:3      | Gained mutation: You are somewhat resistant to further
                  | mutation. [potion of mutation]
  2127 | D:3      | HP: 2/42 [lemure[Pikel] (7)]
  2131 | D:3      | Killed an ogre
  2132 | D:3      | Reached skill level 1 in Spellcasting
  2135 | D:3      | Killed a lemure
  2225 | D:4      | Noticed a lemure
  2228 | D:4      | Noticed a lemure
  2229 | D:4      | Reached skill level 1 in Dodging
  2229 | D:4      | Gained mutation: You sometimes gain a little power by
                  | taking damage. [demonic ancestry]
  2229 | D:4      | Reached XP level 6. HP: 45/48 MP: 7/7
  2238 | D:3      | Learned a level 4 spell: Animate Armour
  2322 | D:4      | Noticed Pikel
  2329 | D:4      | Reached skill level 4 in Fighting
  2452 | D:4      | Slain by Pikel

Illustrated notes

Levels and vault maps discovered:
D:1:      dpeg_arrival_refuge, layout_loops_ring,
          dreamdust_ecumenical_altar_grove, minmay_indecisive_spiral
D:2:      layout_basic, minmay_cut_off
D:3:      layout_basic, amethyst_overflow_temple_binary, minmay_misc_feat_doors,
          uniq_jessica
D:4:      layout_rooms, tgw_kikubaaqudgha, nicolae_overflow_hidden_temple,
          ebering_ghost_disaster_area, uniq_menkaure, uniq_pikel

Skill      XL: |  1  2  3  4  5  6 |
---------------+-------------------+-----
Long Blades    | 2 |  2.0
Armour         | 3 |  3.8
Shields        | 3 |  3.4
Short Blades   | 1 |  1.8
Stealth        | 1 |  1.4
Spellcasting   | 1 |  1.3
Dodging        | 1 |  1.2
Fighting       | 4 |  4.0
Summonings     | |  0.1
Earth Magic    | |  0.2

Action                   |  1- 3 |  4- 6 || total
-------------------------+-------+-------++-------
Melee: Long sword        |    12 |       ||    12
       Dagger            |    74 |    63 ||   137
       Headbutt          |    19 |    12 ||    31
  Use: Scroll            |       |     2 ||     2
       Potion            |       |     5 ||     5
 Stab: Sleeping          |     1 |     1 ||     2
Armor: Scale mail        |    12 |       ||    12
       Troll leather arm |     7 |    11 ||    18
       Skin              |       |     1 ||     1
Dodge: Dodged            |    25 |    33 ||    58
Block: Buckler           |    10 |    18 ||    28
